 Dungeon Crawl Stone Soup version 0.23.0-2-g0fe3ce5 (webtiles) character file.

Game seed: 14784822337505717787

2916 vishdafish the Magician (level 9, 50/71 HPs)
             Began as a Gnoll Skald on Feb 19, 2019.
             Was a Follower of Uskayaw.
             Starved to death
             ... on level 7 of the Dungeon.
             The game lasted 00:19:23 (8931 turns).

vishdafish the Magician (Gnoll Skald)               Turns: 8931, Time: 00:19:24

Health: 50/71      AC:  9    Str: 14      XL:     9   Next: 78%
Magic:  19/19      EV: 15    Int: 16 (18) God:    Uskayaw [*.....]
Gold:   320        SH:  0    Dex: 14 (15) Spells: 16/21 levels left

rFire    + . .     SeeInvis .   y - +2 trident (vamp)
rCold    . . .     Gourm    .   (no shield)
rNeg     . . .     Faith    .   k - +1 leather armour {rF+}
rPois    .         Spirit   .   (no helmet)
rElec    .         Reflect  .   w - +2 cloak
rCorr    .         Harm     .   (no gloves)
MR       .....                  s - +0 pair of boots
Stlth    ++........             (no amulet)
HPRegen  0.21/turn              (no ring)
MPRegen  0.16/turn              (no ring)

@: mildly poisoned (50 -> 44), fainting
A: distributed training, fangs 1, strong nose
a: Stomp, Renounce Religion


You were on level 7 of the Dungeon.
You worshipped Uskayaw.
Uskayaw was noncommittal.
You were fainting.

You visited 1 branch of the dungeon, and saw 7 of its levels.

You collected 320 gold pieces.

Inventory:

Hand Weapons
 a - a +0 spear
 i - a +3 morningstar of freezing
 t - a +0 trident
 u - a +0 dagger of pain
 v - a +2 quarterstaff of chaos
 y - a +2 vampiric trident (weapon)
Missiles
 o - 5 silver tomahawks (quivered)
Armour
 b - a +0 leather armour
 k - a +1 leather armour of fire resistance (worn)
 s - a +0 pair of boots (worn)
 w - a +2 cloak (worn)
Scrolls
 c - 4 scrolls of teleportation {unknown}
 e - 8 scrolls of identify {unknown}
 f - a scroll of enchant weapon
 h - a scroll of fog {unknown}
 j - 7 scrolls of remove curse {unknown}
 p - a scroll of random uselessness {unknown}
 q - a scroll of immolation {unknown}
 x - a scroll of amnesia {unknown}


   Skills:
 + Level 6.5 Fighting
 + Level 4.5 Short Blades
 + Level 4.5 Long Blades
 + Level 4.5 Axes
 + Level 4.5 Maces & Flails
 + Level 6.5 Polearms
 + Level 4.5 Staves
 + Level 4.5 Slings
 + Level 4.5 Bows
 + Level 4.5 Crossbows
 + Level 4.5 Throwing
 + Level 5.2 Armour
 + Level 6.5 Dodging
 + Level 4.5 Stealth
 + Level 4.5 Shields
 + Level 4.5 Unarmed Combat
 + Level 6.8 Spellcasting
 + Level 3.7 Conjurations
 + Level 3.7 Hexes
 + Level 6.7 Charms
 + Level 3.7 Summonings
 + Level 3.7 Necromancy
 + Level 3.7 Translocations
 + Level 3.7 Transmutations
 + Level 3.7 Fire Magic
 + Level 3.7 Ice Magic
 + Level 3.7 Air Magic
 + Level 3.7 Earth Magic
 + Level 3.7 Poison Magic
 + Level 5.0 Invocations
 + Level 4.5 Evocations


You had 16 spell levels left.
You knew the following spells:

 Your Spells              Type           Power        Failure   Level  Hunger
a - Infusion              Chrm           ####         1%          1    None
b - Song of Slaying       Chrm           ####....     1%          2    None
c - Shroud of Golubria    Chrm/Tloc      ###.......   2%          2    None

Your spell library contained the following spells:

 Spells                   Type           Power        Failure   Level  Hunger
 Regeneration             Chrm/Necr      ###.......   5%          3    ##.....
 Spectral Weapon          Hex/Chrm       ###.....     5%          3    ##.....


Dungeon Overview and Level Annotations

Branches:
Dungeon (7/15)             Temple (0/1) D:6

Altars:
Fedhas
Gozag
Sif Muna
Uskayaw
Vehumet
The Shining One

Annotations:
D:3 2 transporters


Innate Abilities, Weirdness & Mutations

Your experience applies equally to all skills.
You have very sharp teeth.
Your uncanny sense of smell can sniff out nearby items.


Message History

Unknown command.
Unknown command.
Unknown command.
Unknown command.
Unknown command.
Unknown command.
Unknown command.
Unknown command.
Unknown command.
Unknown command.
Unknown command.
You hit the hungry ghost.
The hungry ghost is severely damaged.
You feel sick. The scorpion closely misses you. The hungry ghost hits you.
You puncture the hungry ghost!
You destroy the hungry ghost!
You feel your dexterity returning.
Your Invocations skill increases to level 5!
You have starved to death.
You die...

#...#.#...
####?#...##.. ###
##.......###.. ...
######.........#...
...
............÷..(...
#(#####.((............
#...#...((............
#.s.###.........#...
#..@# ##.......###..
#.≈>.# #....##.# ##.
#≈≈#..# #.#####.# ##
#≈≈##....#.# #.# #≈.
#.##...# #.# #.#
..###..# #.. .# ≈##
##.# ### ∆ ≈? Z ..#
...


You could see a scorpion and a centaur skeleton.

Vanquished Creatures
  Grinder (D:5)
  Sigmund (D:3)
  Eustachio (D:6)
  A hungry ghost (D:7)
  A water moccasin (D:7)
  2 orc warriors
  An ice beast (D:2)
  A phantom (D:6)
  A sky beast (D:6)
  An ogre (D:5)
  4 bullfrogs
  A scorpion (D:7)
  6 killer bees (D:7)
  2 howler monkeys
  2 crimson imps
  A jelly (D:5)
  Crazy Yiuf (D:5)
  3 hounds
  A centaur skeleton (D:5)
  3 orc priests (D:6)
  8 orc wizards
  Ijyb (D:3)
  2 worker ants
  2 iguanas (D:6)
  2 killer bee zombies
  3 gnolls (D:5)
  11 adders
  A shadow imp (D:6)
  An adder zombie (D:5)
  7 worms
  2 dart slugs (D:3)
  2 leopard geckos
  18 orcs
  4 giant cockroaches
  8 goblins
  9 hobgoblins
  6 jackals
  8 kobolds
  2 quokkas
  2 ball pythons
  9 bats
  4 frilled lizards
  A jackal skeleton (D:3)
  A jackal zombie (D:7)
  2 quokka zombies
  10 rats
161 creatures vanquished.

Vanquished Creatures (others)
  An orc wizard (D:4)
  A plant (D:2)
2 creatures vanquished.

Grand Total: 163 creatures vanquished

Notes
Turn   | Place    | Note
-------+----------+-------------------------------------------
     0 | D:1      | vishdafish the Gnoll Skald began the quest for the Orb.
     0 | D:1      | Reached XP level 1. HP: 20/20 MP: 6/6
   290 | D:1      | Reached XP level 2. HP: 26/26 MP: 7/7
   940 | D:2      | Reached XP level 3. HP: 19/31 MP: 9/9
   973 | D:2      | Reached skill level 5 in Spellcasting
  1038 | D:2      | Learned a level 2 spell: Song of Slaying
  1041 | D:2      | Learned a level 2 spell: Shroud of Golubria
  1274 | D:2      | Reached skill level 1 in Invocations
  1285 | D:2      | Reached skill level 1 in Short Blades
  1285 | D:2      | Reached skill level 1 in Long Blades
  1285 | D:2      | Reached skill level 1 in Axes
  1285 | D:2      | Reached skill level 1 in Maces & Flails
  1285 | D:2      | Reached skill level 1 in Staves
  1285 | D:2      | Reached skill level 1 in Slings
  1285 | D:2      | Reached skill level 1 in Bows
  1285 | D:2      | Reached skill level 1 in Crossbows
  1285 | D:2      | Reached skill level 1 in Throwing
  1285 | D:2      | Reached skill level 1 in Stealth
  1285 | D:2      | Reached skill level 1 in Shields
  1285 | D:2      | Reached skill level 1 in Unarmed Combat
  1285 | D:2      | Reached skill level 1 in Evocations
  1285 | D:2      | Reached XP level 4. HP: 5/38 MP: 0/11
  2256 | D:2      | Noticed an ice beast
  2279 | D:2      | Killed an ice beast
  2279 | D:2      | Reached skill level 1 in Conjurations
  2279 | D:2      | Reached skill level 1 in Hexes
  2279 | D:2      | Reached skill level 1 in Summonings
  2279 | D:2      | Reached skill level 1 in Necromancy
  2279 | D:2      | Reached skill level 1 in Translocations
  2279 | D:2      | Reached skill level 1 in Transmutations
  2279 | D:2      | Reached skill level 1 in Fire Magic
  2279 | D:2      | Reached skill level 1 in Ice Magic
  2279 | D:2      | Reached skill level 1 in Air Magic
  2279 | D:2      | Reached skill level 1 in Earth Magic
  2279 | D:2      | Reached skill level 1 in Poison Magic
  2279 | D:2      | Reached XP level 5. HP: 27/43 MP: 6/12
  2592 | D:3      | Noticed Ijyb
  2594 | D:3      | Found a transporter.
  2625 | D:3      | Killed Ijyb
  2686 | D:3      | Found a transporter.
  2800 | D:3      | Reached XP level 6. HP: 7/50 MP: 9/14
  3098 | D:3      | Found a faded altar of an unknown god.
  3365 | D:3      | Noticed Sigmund
  3385 | D:3      | Killed Sigmund
  3385 | D:3      | Reached skill level 5 in Fighting
  3385 | D:3      | Reached skill level 5 in Polearms
  3385 | D:3      | Reached skill level 5 in Dodging
  3385 | D:3      | Reached XP level 7. HP: 47/56 MP: 15/15
  4428 | D:4      | Found a blossoming altar of Fedhas.
  4428 | D:4      | Found a hide-covered altar of Uskayaw.
  4525 | D:4      | Became a worshipper of Uskayaw the Reveler
  4575 | D:4      | Reached * piety under Uskayaw
  4756 | D:4      | Reached ** piety under Uskayaw
  5231 | D:5      | Entered Level 5 of the Dungeon
  5248 | D:5      | Reached *** piety under Uskayaw
  5258 | D:5      | Reached **** piety under Uskayaw
  5580 | D:5      | Found an opulent altar of Gozag.
  5735 | D:5      | Reached XP level 8. HP: 28/63 MP: 16/16
  5984 | D:5      | Noticed Grinder
  6008 | D:5      | Killed Grinder
  6175 | D:5      | Found a runed translucent door.
  6176 | D:5      | Noticed Crazy Yiuf
  6310 | D:5      | Killed Crazy Yiuf
  6606 | D:5      | Found a radiant altar of Vehumet.
  6706 | D:6      | Found a staircase to the Ecumenical Temple.
  6953 | D:5      | Reached XP level 9. HP: 11/69 MP: 14/18
  7345 | D:6      | Found a deep blue altar of Sif Muna.
  7444 | D:6      | Noticed Eustachio
  7485 | D:6      | Killed Eustachio
  7837 | D:6      | Found a glowing golden altar of the Shining One.
  8091 | D:7      | Reached skill level 5 in Armour
  8534 | D:7      | HP: 3/71 [poisoned by a killer bee]
  8539 | D:7      | HP: 2/71 [poisoned by a killer bee]
  8546 | D:6      | HP: 2/71 [poisoned by a killer bee]
  8554 | D:6      | HP: 1/71 [poisoned by a killer bee]
  8920 | D:7      | Paralysed by fainting for 10 turns
  8931 | D:7      | Reached skill level 5 in Invocations
  8931 | D:7      | Starved to death

Skill      XL: |  1  2  3  4  5  6  7  8  9 |
---------------+----------------------------+-----
Spellcasting   | 5 6 |  6.8
Invocations    | 1 2 3 4 5 |  5.0
Short Blades   | 1 2 3 4 |  4.5
Long Blades    | 1 2 3 4 |  4.5
Axes           | 1 2 3 4 |  4.5
Maces & Flails | 1 2 3 4 |  4.5
Staves         | 1 2 3 4 |  4.5
Slings         | 1 2 3 4 |  4.5
Bows           | 1 2 3 4 |  4.5
Crossbows      | 1 2 3 4 |  4.5
Throwing       | 1 2 3 4 |  4.5
Stealth        | 1 2 3 4 |  4.5
Shields        | 1 2 3 4 |  4.5
Unarmed Combat | 1 2 3 4 |  4.5
Evocations     | 1 2 3 4 |  4.5
Armour         | 3 4 5 |  5.2
Conjurations   | 1 2 3 |  3.7
Hexes          | 1 2 3 |  3.7
Summonings     | 1 2 3 |  3.7
Necromancy     | 1 2 3 |  3.7
Translocations | 1 2 3 |  3.7
Transmutations | 1 2 3 |  3.7
Fire Magic     | 1 2 3 |  3.7
Ice Magic      | 1 2 3 |  3.7
Air Magic      | 1 2 3 |  3.7
Earth Magic    | 1 2 3 |  3.7
Poison Magic   | 1 2 3 |  3.7
Fighting       | 5 6 |  6.5
Polearms       | 5 6 |  6.5
Dodging        | 5 6 |  6.5
Charms         | 6 |  6.7

Action                   |  1- 3 |  4- 6 |  7- 9 || total
-------------------------+-------+-------+-------++-------
Melee: Spear             |   161 |   185 |   210 ||   556
       Bite              |    11 |    21 |    61 ||    93
       Trident           |       |       |   190 ||   190
       Dagger            |       |       |    90 ||    90
       Quarterstaff      |       |       |    63 ||    63
       Punch             |       |       |     2 ||     2
Throw: Tomahawk          |       |    11 |    40 ||    51
       Throwing net      |       |       |     6 ||     6
 Cast: Infusion          |     3 |     5 |     1 ||     9
Invok: Stomp             |       |       |     9 ||     9
       Line Pass         |       |       |     1 ||     1
Evoke: Wand              |       |       |    18 ||    18
  Use: Potion            |       |     1 |     6 ||     7
       Scroll            |       |       |     1 ||     1
 Stab: Sleeping          |     1 |     1 |     1 ||     3
       Paralysed         |       |       |    11 ||    11
       Held in net/web   |       |       |     1 ||     1
       Petrifying        |       |       |     2 ||     2
  Eat: Ration            |       |     2 |     6 ||     8
       Chunk             |       |     1 |     7 ||     8
Armor: Leather armour    |    25 |    28 |   182 ||   235
Dodge: Dodged            |    80 |   111 |   503 ||   694
